 Dungeon Crawl Stone Soup version 0.30-a0-141-g30f27751c5 (webtiles) character file.

Game seed: 11706965700449983172

214 qw the Chopper (level 5, -5/33 HPs)
             Began as a Gargoyle Fighter on Sept 25, 2022.
             Slain by an orc warrior
             ... wielding a +0 trident
              (7 damage)
             ... on level 4 of the Dungeon.
             The game lasted 00:01:29 (4137 turns).

qw the Chopper (Gargoyle Fighter)                   Turns: 4137, Time: 00:01:29

Health: -5/33      AC: 12    Str: 22    XL:     5   Next: 91%
Magic:  5/5        EV:  9    Int:  8    God:
Gold:   79         SH:  4    Dex:  9    Spells: 4/4 levels left

rFire   . . .      SeeInvis .    Y - +1 war axe
rCold   . . .      Faith    .    c - +0 buckler
rNeg    + . .      Spirit   .    b - +0 scale mail
rPois   inf        Reflect  .    (no helmet)
rElec   +          Harm     .    (no cloak)
rCorr   .          Rampage  .    (no gloves)
Will    .....                    i - +0 pair of boots
Stlth   ..........               (no amulet)
HPRegen 0.11/turn                (no ring)
MPRegen 0.09/turn                (no ring)

@: about to teleport
A: sickness immunity, AC +4, negative energy resistance 1, electricity
resistance, torment resistance 1, petrification resistance
a: no special abilities


You were on level 4 of the Dungeon.
You visited 1 branch of the dungeon, and saw 4 of its levels.

You collected 196 gold pieces.
You spent 117 gold pieces at shops.


Innate Abilities, Weirdness & Mutations

You are immune to sickness and miasma.
Your stone body is resilient. (AC +4)
You are immune to poison.
You resist negative energy. (rN+)
You are resistant to electric shocks. (rElec)
You are resistant to unholy torment.
You are immune to petrification.


   Skills:
 - Level 4.0 Fighting
 - Level 5.0 Axes
 - Level 3.2 Armour
 + Level 0.2 Dodging
 - Level 3.2 Shields


You had 4 spell levels left.
You didn't know any spells.
Your spell library was empty.

Inventory:

Hand Weapons
 f - a +0 whip
 Y - a +1 war axe (weapon)
Missiles
 j - 6 boomerangs (quivered)
Armour
 b - a +0 scale mail (worn)
 c - a +0 buckler (worn)
 i - a +0 pair of boots (worn)
Scrolls
 a - 8 scrolls of identify
Potions
 d - a potion of might
 h - 2 potions of curing

Dungeon Overview and Level Annotations

Branches:
Dungeon (4/15)
 Temple: D:4-7

Altars:
Fedhas
Nemelex Xobeh
Sif Muna
Trog
Xom
Yredelemnul
Zin

Shops:
D:4 ?

Annotations:
D:4 Pikel


Message History

4120 ||| FLEEEEING.
4121 ||| FLEEEEING.
Found a potion of heal wounds.
4122 ||| FLEEEEING.
There is an open door here.
An orc wizard comes into view. It is wielding a +0 dagger.
The orc wizard shouts!
Enter note:
Enter note:
4129 ||| Stepping ~*~*~tactically~*~*~ (hiding).
An orc comes into view. It is wielding a +0 club.
The orc shouts!
You block the orc warrior's attack.
4131 ||| Stepping ~*~*~tactically~*~*~ (hiding).
4132 ||| FLEEEEING.
The orc warrior hits you but does no damage.
You closely miss the orc warrior.
You hit the orc warrior but do no damage.
You closely miss the orc wizard.
The orc warrior hits you with a +0 trident!
The orc wizard mumbles some strange words.
The orc wizard flickers and vanishes!
Deactivating autopickup; reactivate with Ctrl-A.
You hit Pikel but do no damage. You miss something.
You barely miss the orc warrior. The orc warrior barely misses you.
Pikel misses you. You block something's attack.
You hit Pikel.
Pikel is lightly wounded.
You barely miss something. You barely miss the orc warrior.
Pikel hits you with a +2 whip of freezing.
Pikel freezes you. The orc warrior closely misses you.
Something hits you but does no damage.
Pikel hits you with a +2 whip of freezing.
Pikel freezes you. Something hits you but does no damage.
You block the orc warrior's attack.
4137 ||| READING scroll of teleportation.
As you read the scroll of teleportation, it crumbles to dust.
You feel strangely unstable.
The orc warrior hits you with a +0 trident!
You die...

......##......#... ##.....###..
..... #.......#.!.....#..#.......
##'####.......'.......#..........
......#.......#. .....#..........
......##......# ....##..........
.......'......# ....'...........
.......##...#####o..##...........
...K....#.#'#...#{# #............
......#####....K@o###............
#...#'#.#...........#............
#####..###.........##...........#
..####.#.'.........'.#....#######
##.....#.##.......##...........##
...###....#.......#....#########.
...###.##.####'####....##_.......
...##..######..# #......###......
............... ######## ###....


You could see Pikel, an orc warrior and an orc.

Vanquished Creatures
  4 lemures (D:4)
  A scorpion (D:3)
  An orc wizard (D:4)
  4 adders
  2 worms
  2 dart slugs (D:3)
  4 orcs (D:4)
  11 ball pythons
  6 endoplasms
  3 giant cockroaches (D:1)
  12 goblins
  9 hobgoblins
  2 quokkas
  2 bats (D:1)
  4 frilled lizards
  9 kobolds
  5 rats
81 creatures vanquished.

Vanquished Creatures (others)
  6 plants (D:1)
6 creatures vanquished.

Grand Total: 87 creatures vanquished

Notes
Turn   | Place    | Note
-------+----------+-------------------------------------------
     0 | D:1      | qw the Gargoyle Fighter began the quest for the Orb.
     0 | D:1      | Reached XP level 1. HP: 14/14 MP: 1/1
     0 | D:1      | 0 ||| qw: Version: 0.2-a-9-ge00f85e
     0 | D:1      | 0 ||| qw: Game counter: 89
     0 | D:1      | 0 ||| qw: Always use a shield: true
     0 | D:1      | 0 ||| qw: God list: Okawaru
     0 | D:1      | 0 ||| qw: Allow faded altars: false
     0 | D:1      | 0 ||| qw: Do Orc after D:15 true
     0 | D:1      | 0 ||| qw: Do second Lair branch before Depths: true
     0 | D:1      | 0 ||| qw: Lair rune preference: random
     0 | D:1      | 0 ||| qw: Plans: Normal, Zot:1-4, God:TSO, Crypt, Tomb,
                  | Pan, Slime:5, Hells, Abyss, Orb
     0 | D:1      | 0 ||| PLANNING D:1-11
    24 | D:1      | Reached skill level 2 in Axes
    92 | D:1      | Found a faded altar of an unknown god.
   126 | D:1      | 126 ||| Stepping ~*~*~tactically~*~*~ (stealth).
   127 | D:1      | 127 ||| Stepping ~*~*~tactically~*~*~ (stealth).
   131 | D:1      | Reached XP level 2. HP: 18/19 MP: 2/2
   716 | D:1      | Reached skill level 3 in Axes
   877 | D:1      | 877 ||| Stepping ~*~*~tactically~*~*~ (stealth).
   878 | D:1      | 878 ||| Stepping ~*~*~tactically~*~*~ (stealth).
   884 | D:1      | Reached XP level 3. HP: 23/23 MP: 3/3
  1284 | D:1      | 1284 ||| READING scroll labelled PIKIKE HITON.
  1285 | D:1      | 1285 ||| READING scroll labelled JEAQOBAGIU.
  1286 | D:1      | 1286 ||| READING scroll labelled JAWEHA COSIY.
  1287 | D:1      | 1287 ||| READING scroll labelled IVUTOTADAFF.
  1290 | D:1      | 1290 ||| READING scroll labelled QOESESASHAO.
  1318 | D:2      | 1318 ||| Stepping ~*~*~tactically~*~*~ (stealth).
  1319 | D:2      | 1319 ||| Stepping ~*~*~tactically~*~*~ (stealth).
  1408 | D:2      | 1408 ||| Stepping ~*~*~tactically~*~*~ (stealth).
  1516 | D:2      | 1516 ||| Stepping ~*~*~tactically~*~*~ (stealth).
  1524 | D:2      | 1524 ||| Stepping ~*~*~tactically~*~*~ (stealth).
  1525 | D:2      | 1525 ||| Stepping ~*~*~tactically~*~*~ (stealth).
  1618 | D:2      | Reached XP level 4. HP: 26/28 MP: 4/4
  1924 | D:2      | 1924 ||| DROPPING +0 club.
  1951 | D:2      | 1951 ||| Stepping ~*~*~tactically~*~*~ (stealth).
  1952 | D:2      | 1952 ||| Stepping ~*~*~tactically~*~*~ (stealth).
  1965 | D:2      | Reached skill level 4 in Axes
  2533 | D:2      | 2533 ||| READING scroll labelled RUMESY VECRUPRU.
  2534 | D:2      | 2534 ||| READING scroll labelled KIUFRI TIYKKO.
  2535 | D:2      | 2535 ||| READING scroll labelled ZUOKHL XETWI.
  2536 | D:2      | 2536 ||| DRINKING 2 yellow potions.
  2537 | D:2      | 2537 ||| READING 5 scrolls of identify.
  2537 | D:2      | 2537 ||| IDENTIFYING inky potion
  2538 | D:2      | 2538 ||| DROPPING potion of brilliance.
  2708 | D:3      | Found a glowing silver altar of Zin.
  2769 | D:3      | Found a basalt altar of Yredelemnul.
  2906 | D:3      | 2906 ||| Stepping ~*~*~tactically~*~*~ (stealth).
  2907 | D:3      | 2907 ||| Stepping ~*~*~tactically~*~*~ (stealth).
  2912 | D:3      | 2912 ||| Stepping ~*~*~tactically~*~*~ (stealth).
  2932 | D:3      | 2932 ||| FLEEEEING.
  2933 | D:3      | 2933 ||| FLEEEEING.
  2934 | D:3      | 2934 ||| STAIRDANCE
  2989 | D:2      | 2989 ||| READING scroll labelled PANLOUDIOCW.
  2990 | D:2      | 2990 ||| READING 4 scrolls of identify.
  2990 | D:2      | 2990 ||| IDENTIFYING blue potion
  2991 | D:2      | 2991 ||| DROPPING potion of degeneration.
  2994 | D:3      | 2994 ||| STAIRDANCE
  3003 | D:3      | Noticed a kobold brigand
  3004 | D:3      | 3004 ||| STAIRDANCE
  3020 | D:3      | HP: 5/28 [kobold brigand/+0 rapier (3)]
  3021 | D:3      | 3021 ||| READING 2 scrolls of teleportation.
  3022 | D:3      | 3022 ||| DRINKING potion of heal wounds.
  3023 | D:3      | 3023 ||| STAIRDANCE
  3298 | D:3      | Noticed a scorpion
  3303 | D:3      | Killed a scorpion
  3304 | D:3      | Reached skill level 5 in Axes
  3304 | D:3      | Reached XP level 5. HP: 32/32 MP: 5/5
  3385 | D:3      | 3385 ||| Stepping ~*~*~tactically~*~*~ (hiding).
  3505 | D:3      | 3505 ||| UPGRADING to +0 pair of boots.
  3510 | D:3      | 3510 ||| DRINKING 3 fizzy golden potions.
  3706 | D:4      | Found a shimmering blue altar of Sif Muna.
  3708 | D:4      | Found a blossoming altar of Fedhas.
  3709 | D:4      | Found a bloodstained altar of Trog.
  3717 | D:4      | Found a sparkling altar of Nemelex Xobeh.
  3720 | D:4      | Found a shimmering altar of Xom.
  3783 | D:4      | Noticed a lemure
  3783 | D:4      | Noticed a lemure
  3783 | D:4      | Noticed a lemure
  3783 | D:4      | Noticed a lemure
  3784 | D:4      | 3784 ||| Stepping ~*~*~tactically~*~*~ (stealth).
  3795 | D:4      | Killed a lemure
  3799 | D:4      | HP: 4/32 [lemure[Pikel] (8)]
  3800 | D:4      | 3800 ||| READING scroll of teleportation.
  3801 | D:4      | 3801 ||| DRINKING potion of heal wounds.
  3808 | D:4      | 3808 ||| DRINKING 3 potions of curing.
  3808 | D:4      | 3808 ||| (to cure confusion)
  3901 | D:4      | Found Sysoakol's Magic Scroll Shop.
  3910 | D:4      | 3910 ||| BUYING scroll of identify (26 gold).
  3910 | D:4      | Bought a scroll of identify for 26 gold pieces
  3910 | D:4      | 3910 ||| BUYING scroll of identify (26 gold).
  3910 | D:4      | Bought a scroll of identify for 26 gold pieces
  3910 | D:4      | 3910 ||| BUYING scroll of identify (26 gold).
  3910 | D:4      | Bought a scroll of identify for 26 gold pieces
  3910 | D:4      | 3910 ||| BUYING scroll of teleportation (39 gold).
  3910 | D:4      | Bought a scroll of teleportation for 39 gold pieces
  3938 | D:4      | 3938 ||| Stepping ~*~*~tactically~*~*~ (stealth).
  3940 | D:4      | 3940 ||| Stepping ~*~*~tactically~*~*~ (stealth).
  3949 | D:4      | Killed a lemure
  3954 | D:4      | Killed a lemure
  4034 | D:4      | Noticed an orc warrior
  4043 | D:4      | Noticed Pikel
  4044 | D:4      | 4044 ||| Stepping ~*~*~tactically~*~*~ (stealth).
  4051 | D:4      | 4051 ||| Stepping ~*~*~tactically~*~*~ (stealth).
  4055 | D:4      | Killed a lemure
  4081 | D:4      | 4081 ||| Stepping ~*~*~tactically~*~*~ (stealth).
  4118 | D:4      | 4118 ||| FLEEEEING.
  4119 | D:4      | 4119 ||| FLEEEEING.
  4120 | D:4      | 4120 ||| FLEEEEING.
  4121 | D:4      | 4121 ||| FLEEEEING.
  4122 | D:4      | 4122 ||| FLEEEEING.
  4129 | D:4      | 4129 ||| Stepping ~*~*~tactically~*~*~ (hiding).
  4131 | D:4      | 4131 ||| Stepping ~*~*~tactically~*~*~ (hiding).
  4132 | D:4      | 4132 ||| FLEEEEING.
  4136 | D:4      | HP: 8/33 [Pikel/+2 whip of freezing (5)]
  4136 | D:4      | HP: 3/33 [Pikel/+2 whip of freezing (3)]
  4137 | D:4      | 4137 ||| READING scroll of teleportation.
  4137 | D:4      | Slain by an orc warrior

Levels and vault maps discovered:
D:1:      dpeg_arrival_shelter, layout_basic, hellmonk_ecumenical_altar_zigzags,
          serial_bayou_lake_a
D:2:      layout_basic
D:3:      cheibrodos_thug_alley, layout_loops_ring,
          nicolae_overflow_hidden_temple, lemuel_crystal_altar,
          dk_noncrumbling_3, reono_crystal_passage, minmay_cupped
D:4:      nicolae_cairo_tiling_very_big, layout_rooms,
          minmay_overflow_temple_star_hex, serial_shops, nicolae_shop_crystal,
          uniq_pikel

Skill      XL: |  1  2  3  4  5 |
---------------+----------------+-----
Axes           | 2 3 5 |  5.0
Fighting       | 4 |  4.0
Armour         | |  3.2
Dodging        | |  0.2
Shields        | |  3.2

Action                   |  1- 3 |  4- 6 || total
-------------------------+-------+-------++-------
Melee: War axe           |   143 |   141 ||   284
Throw: Boomerang         |       |     9 ||     9
  Use: Scroll            |     5 |     9 ||    14
       Potion            |       |     5 ||     5
Armor: Scale mail        |    81 |    68 ||   149
Dodge: Dodged            |    58 |    63 ||   121
Block: Buckler           |    18 |    28 ||    46

Table legend:
 A = Non-vault XP
 B = Vault XP
 C = Vault XP percentage of total XP
 D = Non-vault monster count
 E = Vault monster count
 F = Vault count percentage of total count
                 A         B        C        D         E       F
            +---------+---------+-------+---------+---------+-------
      Total |     195 |     111 |  36.3 |      65 |      12 |  15.6
            +---------+---------+-------+---------+---------+-------
        D:1 |      42 |       0 |   0.0 |      27 |       0 |   0.0
        D:2 |      69 |       3 |   4.2 |      19 |       2 |   9.5
        D:3 |      26 |     108 |  80.6 |       7 |      10 |  58.8
        D:4 |      58 |       0 |   0.0 |      12 |       0 |   0.0
            +---------+---------+-------+---------+---------+-------
